[ AOE2 MATCH · #508369169 ]
UnrankedSaracens vs Mapuche
[ REPLAY ANALYSIS · EXTRACTED FROM THE RECORDED GAME ]
Feudal
9:19
Castle
—
Imperial
—
| APM avg | 31.7 |
| APM peak | 64 |
| eAPM avg | 13.6 |
| Villagers / military | 37 / 0 |
Focus
⚔️ 19.3% · 🌾 80.7%
Feudal
9:24
Castle
—
Imperial
—
| APM avg | 39.8 |
| APM peak | 76 |
| eAPM avg | 9.9 |
| Villagers / military | 31 / 7 |
Focus
⚔️ 18.7% · 🌾 81.3%
Skirmisher ×7
Feudal
10:10
Castle
—
Imperial
—
| APM avg | 35.3 |
| APM peak | 79 |
| eAPM avg | 15.3 |
| Villagers / military | 30 / 4 |
Focus
⚔️ 21.0% · 🌾 79.0%
Archer ×3 · Spearman ×1
Feudal
10:47
Castle
—
Imperial
—
| APM avg | 49.1 |
| APM peak | 100 |
| eAPM avg | 11.4 |
| Villagers / military | 28 / 0 |
Focus
⚔️ 14.0% · 🌾 86.0%
Feudal
8:59
Castle
—
Imperial
—
| APM avg | 59.7 |
| APM peak | 88 |
| eAPM avg | 32.3 |
| Villagers / military | 29 / 3 |
Focus
⚔️ 12.9% · 🌾 87.1%
Archer ×3
Feudal
8:57
Castle
—
Imperial
—
| APM avg | 37.8 |
| APM peak | 76 |
| eAPM avg | 17.0 |
| Villagers / military | 26 / 0 |
Focus
⚔️ 48.1% · 🌾 51.9%
Feudal
9:59
Castle
—
Imperial
—
| APM avg | 42.5 |
| APM peak | 62 |
| eAPM avg | 20.7 |
| Villagers / military | 54 / 3 |
Focus
⚔️ 43.4% · 🌾 56.6%
Scout Cavalry ×3
Feudal
9:32
Castle
—
Imperial
—
| APM avg | 35.2 |
| APM peak | 91 |
| eAPM avg | 14.1 |
| Villagers / military | 37 / 4 |
Focus
⚔️ 18.0% · 🌾 82.0%
Scout Cavalry ×4
Match map
Initial resources + every placement click. Lines = walls · curves = elevation contours. ◆ gold · ⬟ stone · ● berries · ✦ relic · ◌ wall gap
Your base· Open — unwalled flank
Valodimer's base· Open — unwalled flank
Milongo's base· Open — unwalled flank
鬼洗's base· Open — unwalled flank
.Bast's base· Open — unwalled flank
Dark_Shelly's base· Open — unwalled flank
Gideon the Hero's base· Open — unwalled flank
Dadagama's base· Open — unwalled flank
Smoothed initial terrain · ◌ = detected wall gap · hover for details
Inputs per minute
— El Wicho - - Valodimer
Build order — El Wicho
59 actions detected in the replay
| 0:01 | Queue | Villager (Male) |
| 0:01 | Queue | Villager (Male) |
| 0:03 | Build | House |
| 0:05 | Build | House |
| 0:26 | Queue | Villager (Male) |
| 0:26 | Queue | Villager (Male) |
| 0:26 | Queue | Villager (Male) |
| 1:28 | Queue | Villager (Male) |
| 1:29 | Queue | Villager (Male) |
| 2:05 | Queue | Villager (Male) |
| 2:05 | Queue | Villager (Male) |
| 2:10 | Build | Lumber Camp |
| 2:28 | Queue | Villager (Male) |
| 2:28 | Queue | Villager (Male) |
| 2:48 | Queue | Villager (Male) |
| 2:48 | Queue | Villager (Male) |
| 3:13 | Build | House |
| 3:14 | Queue | Villager (Male) |
| 3:14 | Queue | Villager (Male) |
| 3:37 | Queue | Villager (Male) |
| 3:38 | Queue | Villager (Male) |
| 3:38 | Queue | Villager (Male) |
| 3:56 | Queue | Villager (Male) |
| 3:56 | Queue | Villager (Male) |
| 4:28 | Queue | Villager (Male) |
| 4:28 | Queue | Villager (Male) |
| 4:40 | Build | Mill |
| 4:59 | Queue | Villager (Male) |
| 5:00 | Queue | Villager (Male) |
| 5:27 | Queue | Villager (Male) |
| 5:45 | Queue | Villager (Male) |
| 6:11 | Queue | Villager (Male) |
| 6:21 | Research | Loom |
| 6:29 | Queue | Villager (Male) |
| 7:09 | Research | Feudal Age |
| 7:10 | Research | Feudal Age |
| 7:47 | Queue | Villager (Male) |
| 8:03 | Build | Barracks |
| 8:08 | Build | House |
| 8:21 | Queue | Villager (Male) |
| 8:56 | Queue | Villager (Male) |
| 9:19 | Queue | Villager (Male) |
| 9:19 | Queue | Villager (Male) |
| 9:19 | Age | Feudal Age |
| 9:25 | Build | Stable |
| 9:37 | Research | Double-Bit Axe |
| 9:39 | Queue | Villager (Male) |
| 9:47 | Build | House |
| 9:52 | Build | House |
| 10:05 | Queue | Villager (Male) |
| 10:31 | Queue | Villager (Male) |
| 10:38 | Build | House |
| 10:45 | Build | House |
| 11:01 | Research | Bloodlines |
| 11:01 | Research | Bloodlines |
| 11:04 | Build | House |
| 11:16 | Build | Farm |
| 11:19 | Build | Farm |
| 11:25 | Queue | Villager (Male) |
Build order — Valodimer
47 actions detected in the replay
| 0:05 | Build | House |
| 0:06 | Queue | Villager (Male) |
| 0:06 | Queue | Villager (Male) |
| 0:10 | Build | House |
| 0:11 | Queue | Villager (Male) |
| 0:11 | Queue | Villager (Male) |
| 1:01 | Build | Settlement |
| 1:45 | Queue | Villager (Male) |
| 2:14 | Queue | Villager (Male) |
| 2:14 | Queue | Villager (Male) |
| 2:29 | Queue | Villager (Male) |
| 2:30 | Queue | Villager (Male) |
| 2:51 | Queue | Villager (Male) |
| 3:11 | Queue | Villager (Male) |
| 3:29 | Queue | Villager (Male) |
| 3:29 | Queue | Villager (Male) |
| 3:49 | Queue | Villager (Male) |
| 3:55 | Queue | Villager (Male) |
| 4:09 | Queue | Villager (Male) |
| 4:23 | Queue | Villager (Male) |
| 4:23 | Queue | Villager (Male) |
| 4:36 | Queue | Villager (Male) |
| 4:39 | Queue | Villager (Male) |
| 4:54 | Queue | Villager (Male) |
| 5:21 | Queue | Villager (Male) |
| 5:38 | Queue | Villager (Male) |
| 5:48 | Build | House |
| 7:00 | Build | Settlement |
| 7:13 | Research | Feudal Age |
| 7:13 | Research | Feudal Age |
| 8:59 | Queue | Villager (Male) |
| 9:24 | Age | Feudal Age |
| 9:28 | Queue | Skirmisher |
| 9:29 | Queue | Skirmisher |
| 9:32 | Queue | Villager (Male) |
| 10:16 | Build | Settlement |
| 10:19 | Queue | Villager (Male) |
| 10:23 | Queue | Villager (Male) |
| 10:26 | Queue | Villager (Male) |
| 10:42 | Queue | Skirmisher |
| 10:42 | Queue | Skirmisher |
| 10:42 | Queue | Skirmisher |
| 10:43 | Queue | Skirmisher |
| 10:44 | Queue | Villager (Male) |
| 11:15 | Queue | Skirmisher |
| 12:10 | Queue | Villager (Male) |
| 12:11 | Queue | Villager (Male) |
Build order — Milongo
50 actions detected in the replay
| 0:01 | Queue | Villager (Male) |
| 0:05 | Research | Loom |
| 0:07 | Build | House |
| 0:09 | Build | House |
| 0:25 | Queue | Villager (Male) ×3 |
| 1:29 | Queue | Villager (Male) |
| 1:29 | Queue | Villager (Male) |
| 2:05 | Build | Lumber Camp |
| 2:17 | Queue | Villager (Male) ×2 |
| 2:17 | Queue | Villager (Male) ×2 |
| 2:46 | Queue | Villager (Male) |
| 3:17 | Queue | Villager (Male) |
| 3:17 | Queue | Villager (Male) |
| 3:41 | Build | House |
| 3:43 | Build | House |
| 3:58 | Queue | Villager (Male) |
| 4:21 | Queue | Villager (Male) |
| 4:43 | Queue | Villager (Male) |
| 5:21 | Queue | Villager (Male) |
| 5:22 | Queue | Villager (Male) |
| 5:36 | Queue | Villager (Male) ×2 |
| 5:39 | Queue | Villager (Male) |
| 5:39 | Queue | Villager (Male) |
| 5:39 | Queue | Villager (Male) |
| 6:05 | Build | Mining Camp |
| 6:56 | Queue | Villager (Male) |
| 7:27 | Build | House |
| 7:46 | Build | Barracks |
| 8:00 | Research | Feudal Age |
| 8:47 | Build | House |
| 8:52 | Build | Palisade Wall |
| 9:25 | Queue | Villager (Male) |
| 9:25 | Queue | Villager (Male) |
| 10:10 | Age | Feudal Age |
| 10:17 | Build | Archery Range |
| 10:23 | Queue | Spearman |
| 10:25 | Queue | Villager (Male) |
| 10:40 | Build | Archery Range |
| 11:21 | Build | Blacksmith |
| 11:23 | Build | House |
| 11:27 | Build | Palisade Wall |
| 11:33 | Queue | Villager (Male) |
| 11:33 | Queue | Villager (Male) |
| 11:39 | Build | Palisade Gate |
| 11:41 | Build | House |
| 12:01 | Queue | Archer |
| 12:01 | Queue | Archer |
| 12:01 | Queue | Archer |
| 12:09 | Queue | Villager (Male) |
| 12:25 | Build | House |
Build order — 鬼洗
50 actions detected in the replay
| 0:01 | Queue | Villager (Male) |
| 0:01 | Queue | Villager (Male) |
| 0:02 | Build | House |
| 0:03 | Build | House |
| 0:16 | Queue | Villager (Male) |
| 0:16 | Queue | Villager (Male) |
| 1:28 | Queue | Villager (Male) |
| 1:50 | Build | Lumber Camp |
| 2:10 | Queue | Villager (Male) |
| 2:26 | Queue | Villager (Male) |
| 2:26 | Queue | Villager (Male) |
| 2:50 | Research | Loom |
| 3:04 | Queue | Villager (Male) |
| 3:37 | Build | House |
| 3:40 | Build | House |
| 3:42 | Build | House |
| 3:44 | Queue | Villager (Male) |
| 3:44 | Queue | Villager (Male) |
| 4:28 | Queue | Villager (Male) |
| 4:28 | Queue | Villager (Male) |
| 4:45 | Build | Mill |
| 5:17 | Build | Palisade Wall |
| 5:26 | Build | Palisade Wall |
| 5:30 | Build | Palisade Wall |
| 5:35 | Queue | Villager (Male) |
| 5:36 | Queue | Villager (Male) |
| 5:36 | Queue | Villager (Male) |
| 5:36 | Queue | Villager (Male) |
| 5:57 | Queue | Villager (Male) |
| 6:25 | Build | Palisade Gate |
| 6:36 | Queue | Villager (Male) |
| 6:57 | Queue | Villager (Male) |
| 7:28 | Queue | Villager (Male) |
| 7:29 | Queue | Villager (Male) |
| 7:29 | Queue | Villager (Male) |
| 7:47 | Build | Palisade Wall |
| 7:52 | Queue | Villager (Male) |
| 8:37 | Research | Feudal Age |
| 8:37 | Research | Feudal Age |
| 8:41 | Build | Mining Camp |
| 9:31 | Build | House |
| 9:59 | Queue | Villager (Male) |
| 10:00 | Queue | Villager (Male) |
| 10:16 | Build | House |
| 10:27 | Queue | Villager (Male) |
| 10:47 | Age | Feudal Age |
| 10:55 | Build | Market |
| 10:58 | Queue | Villager (Male) |
| 11:08 | Build | Stone Wall |
| 11:13 | Build | Stone Wall |
Build order — .Bast
47 actions detected in the replay
| 0:01 | Queue | Villager (Male) |
| 0:03 | Build | House |
| 0:05 | Build | House |
| 0:05 | Queue | Villager (Male) |
| 0:05 | Queue | Villager (Male) |
| 0:11 | Queue | Villager (Male) |
| 0:11 | Queue | Villager (Male) |
| 0:11 | Queue | Villager (Male) |
| 1:21 | Queue | Villager (Male) |
| 1:21 | Queue | Villager (Male) |
| 1:57 | Queue | Villager (Male) |
| 2:18 | Build | Lumber Camp |
| 2:32 | Queue | Villager (Male) |
| 2:44 | Queue | Villager (Male) |
| 2:58 | Queue | Villager (Male) |
| 2:58 | Queue | Villager (Male) |
| 2:58 | Queue | Villager (Male) |
| 3:38 | Queue | Villager (Male) |
| 3:42 | Build | House |
| 3:48 | Queue | Villager (Male) |
| 3:49 | Queue | Villager (Male) |
| 4:01 | Build | House |
| 4:06 | Queue | Villager (Male) |
| 4:29 | Queue | Villager (Male) |
| 4:29 | Queue | Villager (Male) |
| 5:13 | Queue | Villager (Male) |
| 5:31 | Build | Mining Camp |
| 5:52 | Queue | Villager (Male) |
| 5:54 | Queue | Villager (Male) |
| 6:08 | Research | Loom |
| 6:49 | Research | Feudal Age |
| 8:00 | Queue | Villager (Male) |
| 8:00 | Queue | Villager (Male) |
| 8:16 | Build | House |
| 8:24 | Build | Barracks |
| 8:59 | Age | Feudal Age |
| 9:21 | Queue | Villager (Male) |
| 9:25 | Build | Archery Range |
| 9:28 | Queue | Villager (Male) |
| 10:06 | Build | Archery Range |
| 10:09 | Build | House |
| 10:14 | Queue | Archer |
| 10:24 | Queue | Archer |
| 10:52 | Build | House |
| 10:53 | Queue | Archer |
| 10:54 | Queue | Villager (Male) |
| 10:54 | Queue | Villager (Male) |
Build order — Dark_Shelly
39 actions detected in the replay
| 0:01 | Queue | Villager (Male) |
| 0:01 | Queue | Villager (Male) |
| 0:03 | Build | House |
| 0:04 | Build | House |
| 0:10 | Queue | Villager (Male) |
| 0:19 | Queue | Villager (Male) |
| 1:20 | Queue | Villager (Male) |
| 1:20 | Queue | Villager (Male) |
| 1:46 | Build | Lumber Camp |
| 1:49 | Queue | Villager (Male) |
| 1:49 | Queue | Villager (Male) |
| 2:07 | Build | Lumber Camp |
| 2:21 | Queue | Villager (Male) |
| 2:21 | Queue | Villager (Male) |
| 2:22 | Queue | Villager (Male) |
| 2:50 | Queue | Villager (Male) |
| 2:50 | Queue | Villager (Male) |
| 2:51 | Queue | Villager (Male) |
| 3:12 | Queue | Villager (Male) |
| 3:12 | Queue | Villager (Male) |
| 3:23 | Queue | Villager (Male) |
| 3:23 | Queue | Villager (Male) |
| 3:23 | Queue | Villager (Male) |
| 3:55 | Build | House |
| 4:02 | Queue | Villager (Male) |
| 4:03 | Queue | Villager (Male) |
| 4:33 | Queue | Villager (Male) |
| 4:33 | Queue | Villager (Male) |
| 5:08 | Build | Mining Camp |
| 5:19 | Queue | Villager (Male) |
| 5:20 | Research | Loom |
| 5:20 | Research | Loom |
| 6:47 | Research | Feudal Age |
| 6:47 | Research | Feudal Age |
| 8:05 | Build | Barracks |
| 8:43 | Build | House |
| 8:57 | Age | Feudal Age |
| 9:12 | Queue | Villager (Male) |
| 9:12 | Queue | Villager (Male) |
Build order — Gideon the Hero
62 actions detected in the replay
| 0:12 | Queue | Villager (Male) ×4 |
| 0:12 | Queue | Villager (Male) ×4 |
| 0:12 | Queue | Villager (Male) ×4 |
| 0:13 | Build | House |
| 0:14 | Build | House |
| 1:29 | Queue | Villager (Male) |
| 1:29 | Queue | Villager (Male) |
| 1:30 | Queue | Villager (Male) |
| 1:57 | Build | Lumber Camp |
| 2:09 | Queue | Villager (Male) |
| 2:09 | Queue | Villager (Male) |
| 2:35 | Queue | Villager (Male) |
| 2:35 | Queue | Villager (Male) |
| 2:35 | Queue | Villager (Male) |
| 2:56 | Queue | Villager (Male) |
| 2:56 | Queue | Villager (Male) |
| 3:19 | Queue | Villager (Male) |
| 3:19 | Queue | Villager (Male) |
| 3:31 | Build | House |
| 3:40 | Queue | Villager (Male) |
| 3:41 | Queue | Villager (Male) |
| 3:41 | Queue | Villager (Male) |
| 4:12 | Queue | Villager (Male) |
| 4:12 | Queue | Villager (Male) |
| 4:30 | Queue | Villager (Male) |
| 4:30 | Queue | Villager (Male) |
| 4:30 | Queue | Villager (Male) |
| 4:36 | Build | Mill |
| 4:44 | Build | Mill |
| 5:15 | Queue | Villager (Male) ×3 |
| 5:16 | Queue | Villager (Male) ×3 |
| 5:16 | Queue | Villager (Male) ×3 |
| 5:28 | Queue | Villager (Male) |
| 5:28 | Queue | Villager (Male) |
| 5:28 | Queue | Villager (Male) |
| 6:12 | Research | Loom |
| 6:29 | Build | Mill |
| 7:04 | Build | Farm |
| 7:49 | Research | Feudal Age |
| 7:50 | Research | Feudal Age |
| 8:02 | Build | Farm |
| 9:17 | Build | House |
| 9:27 | Queue | Villager (Male) |
| 9:27 | Queue | Villager (Male) |
| 9:46 | Build | Barracks |
| 9:59 | Age | Feudal Age |
| 10:32 | Build | Stable |
| 10:39 | Queue | Villager (Male) |
| 10:47 | Queue | Villager (Male) |
| 10:50 | Build | House |
| 11:05 | Queue | Scout Cavalry |
| 11:05 | Queue | Scout Cavalry |
| 11:05 | Queue | Scout Cavalry |
| 11:33 | Build | Lumber Camp |
| 12:03 | Queue | Villager (Male) |
| 12:03 | Queue | Villager (Male) |
| 12:03 | Queue | Villager (Male) |
| 12:03 | Queue | Villager (Male) |
| 12:03 | Queue | Villager (Male) |
| 12:04 | Queue | Villager (Male) |
| 12:08 | Research | Double-Bit Axe |
| 12:09 | Research | Double-Bit Axe |
Build order — Dadagama
55 actions detected in the replay
| 0:01 | Queue | Villager (Male) |
| 0:01 | Queue | Villager (Male) |
| 0:03 | Build | House |
| 0:04 | Build | House |
| 0:20 | Queue | Villager (Male) |
| 0:20 | Queue | Villager (Male) |
| 0:21 | Queue | Villager (Male) |
| 0:21 | Queue | Villager (Male) |
| 0:21 | Queue | Villager (Male) |
| 1:23 | Queue | Villager (Male) |
| 1:24 | Queue | Villager (Male) |
| 2:00 | Queue | Villager (Male) |
| 2:00 | Queue | Villager (Male) |
| 2:09 | Queue | Villager (Male) |
| 2:09 | Queue | Villager (Male) |
| 2:10 | Queue | Villager (Male) |
| 2:18 | Build | Lumber Camp |
| 3:00 | Queue | Villager (Male) |
| 3:00 | Queue | Villager (Male) |
| 3:00 | Queue | Villager (Male) |
| 3:30 | Queue | Villager (Male) |
| 3:30 | Queue | Villager (Male) |
| 3:46 | Queue | Villager (Male) |
| 3:46 | Queue | Villager (Male) |
| 3:47 | Queue | Villager (Male) |
| 3:50 | Build | House |
| 3:51 | Build | House |
| 4:06 | Queue | Villager (Male) |
| 4:06 | Queue | Villager (Male) |
| 4:07 | Queue | Villager (Male) |
| 4:34 | Queue | Villager (Male) |
| 4:52 | Build | Mill |
| 5:00 | Queue | Villager (Male) |
| 5:54 | Build | Mill |
| 6:16 | Research | Loom |
| 6:21 | Queue | Villager (Male) |
| 6:21 | Queue | Villager (Male) |
| 7:25 | Research | Feudal Age |
| 7:53 | Build | Barracks |
| 7:55 | Queue | Villager (Male) |
| 7:55 | Queue | Villager (Male) |
| 8:18 | Queue | Villager (Male) |
| 8:19 | Queue | Villager (Male) |
| 9:32 | Age | Feudal Age |
| 9:38 | Build | Stable |
| 10:05 | Build | House |
| 10:19 | Queue | Scout Cavalry |
| 10:19 | Queue | Scout Cavalry |
| 10:20 | Queue | Scout Cavalry |
| 10:20 | Queue | Scout Cavalry |
| 10:21 | Queue | Villager (Male) |
| 10:21 | Queue | Villager (Male) |
| 10:51 | Build | House |
| 11:07 | Queue | Villager (Male) |
| 11:15 | Queue | Villager (Male) |
Match timeline
| 5:17 | 鬼洗 · wall_segment Palisade Wall x1 |
| 5:26 | 鬼洗 · wall_segment Palisade Wall x8 |
| 5:30 | 鬼洗 · wall_segment Palisade Wall x8 |
| 7:46 | Milongo · first_building Barracks |
| 7:47 | 鬼洗 · wall_segment Palisade Wall x19 |
| 7:53 | Dadagama · first_building Barracks |
| 8:03 | El Wicho · first_building Barracks |
| 8:05 | Dark_Shelly · first_building Barracks |
| 8:24 | .Bast · first_building Barracks |
| 8:52 | Milongo · wall_segment Palisade Wall x13 |
| 8:57 | Dark_Shelly · age_up feudal |
| 8:59 | .Bast · age_up feudal |
| 9:19 | El Wicho · age_up feudal |
| 9:24 | Valodimer · age_up feudal |
| 9:25 | El Wicho · first_building Stable |
| 9:25 | .Bast · first_building Archery Range |
| 9:32 | Dadagama · age_up feudal |
| 9:38 | Dadagama · first_building Stable |
| 9:46 | Gideon the Hero · first_building Barracks |
| 9:59 | Gideon the Hero · age_up feudal |
| 10:10 | Milongo · age_up feudal |
| 10:17 | Milongo · first_building Archery Range |
| 10:32 | Gideon the Hero · first_building Stable |
| 10:47 | 鬼洗 · age_up feudal |
| 10:54 | Dark_Shelly · resign |
| 11:08 | 鬼洗 · wall_segment Stone Wall x4 |
| 11:13 | 鬼洗 · wall_segment Stone Wall x7 |
| 11:27 | Milongo · wall_segment Palisade Wall x10 |
[ AI ANALYSIS · 1 CREDIT ]
What really happened in this match?
Wolo.gg analyzes every decision: build order, eco, micro, common mistakes by bracket. Personalized analysis on WhatsApp or Discord in 30 seconds.
Civ guide
Saracens
Perfil
Jugador #12089835